 Dungeon Sprint DCSS version 0.26-a0-683-g5206c1d7ac (webtiles) character file.

Game seed: 5619036698630252178

3566 sahdkjhfkaj the Bewitcher (level 9, -4/73 HPs)
             Began as a Felid Transmuter on Oct 23, 2020.
             Was an Elder of Sif Muna.
             Slain by a six-headed hydra (15 damage)
             ... in the Dungeon (Sprint III: "The Ten Rune Challenge").
             The game lasted 00:12:20 (4412 turns).

sahdkjhfkaj the Bewitcher (Felid Transmuter)        Turns: 4412, Time: 00:12:21

Health: -4/73      AC:  2    Str:  8    XL:     9   Next: 84%
Magic:  20/24      EV: 28    Int: 16    God:    Sif Muna [****..]
Gold:   36         SH:  0    Dex: 17    Spells: 3/28 levels left
                                        Lives:  0   Deaths: 3

rFire    . . .     SeeInvis +     - Unarmed
rCold    . . .     Faith    .   (shield unavailable)
rNeg     . . .     Spirit   .   (armour unavailable)
rPois    .         Reflect  .   (helmet unavailable)
rElec    .         Harm     .   (cloak unavailable)
rCorr    .         Rampage  .   (gloves unavailable)
MR       +....     NoTele   +   (boots unavailable)
Stlth    ..........             (no amulet)
HPRegen  0.22/turn              (no ring)
MPRegen  0.19/turn              (no ring)

@: berserking (expiring), very quick
A: very small, no armour, no weapons or thrown items, stealth, claws 1, fangs 3,
see invisible, speed 1, shaggy fur 2, sharp paws
a: Channel Magic, Forget Spell, Divine Exegesis, Renounce Religion


You were in the Dungeon.
You worshipped Sif Muna.
Sif Muna was greatly pleased with you.
You visited 1 branch You collected 36 gold pieces.

Inventory:

Wands
 h - a wand of iceblast (6)
Scrolls
 b - a scroll of immolation
 k - 2 scrolls of torment
Potions
 a - 3 potions of mutation {!q}
 d - 2 potions of haste {!q}
 e - 2 potions of magic {!q}
 i - a potion of brilliance {!q, unknown}
 j - a potion of flight {!q, unknown}
 m - 2 potions of degeneration {!q, unknown}
Miscellaneous
 l - a lightning rod (4/4)


   Skills:
 - Level 12.5 Fighting
 - Level 12.5 Dodging
 - Level 10.4 Unarmed Combat
 + Level 10.0 Spellcasting
 + Level 4.7 Conjurations
 - Level 15.0 Hexes
 - Level 10.4 Transmutations
 - Level 5.0 Ice Magic
 + Level 7.2 Invocations


You had 3 spell levels left.
You knew the following spells:

 Your Spells              Type           Power        Failure   Level
e - Invisibility          Hex            ######..     3%          6
f - Yara's Violent Unrav  Hex/Tmut       #####.....   1%          5
A - Irradiate             Conj/Tmut      ####......   11%         5
B - Ice Form              Ice/Tmut       ####....     3%          4
P - Blade Hands           Tmut           #####.....   3%          5

Your spell library contained the following spells:

 Spells                   Type           Power        Failure   Level
 Beastly Appendage        Tmut           #####.       1%          1
 Freeze                   Ice            ###.         1%          1
 Sting                    Tmut/Pois      ###.         1%          1
 Wereblood                Tmut           #####...     1%          2
 Confusing Touch          Hex            ######..     1%          3
 Ozocubu's Armour         Ice            ###.....     3%          3
 Spider Form              Tmut/Pois      ###.......   3%          3
 Gell's Gravitas          Tloc           #.........   26%         3
 Cause Fear               Hex            ######....   1%          4
 Fulminant Prism          Conj/Hex       #####.....   1%          4
 Leda's Liquefaction      Hex/Erth       ####......   4%          4
 Metabolic Englaciation   Hex/Ice        #####.....   4%          5
 Petrify                  Tmut/Erth      ###.....     11%         4
 Summon Ice Beast         Ice/Summ       ###.....     32%         4
 Dragon Form              Tmut           #####.....   71%         7
 Simulacrum               Ice/Necr       ###.......   99%         6


Dungeon Overview and Level Annotations

Branches:
Dungeon (1/1)

Altars:
Cheibriados
Dithmenos
Elyvilon
Fedhas
Gozag
Hepliaklqana
Kikubaaqudgha
Makhleb
Nemelex Xobeh
Okawaru
Qazlal
Ru
Sif Muna
Trog
Uskayaw
Vehumet
Wu Jian
Xom
Yredelemnul
Zin
The Shining One
Beogh
Jiyva
Lugonu


Innate Abilities, Weirdness & Mutations

You cannot wear armour.
You are incapable of wielding weapons or throwing items.
Your paws allow you to move quietly. (Stealth)
You have sharp claws.
You have razor-sharp teeth.
You have supernaturally acute eyesight. (SInv)
You cover ground quickly.
You are covered in thick fur. (AC +2)
Your sharp claws are effective at attacking unaware monsters.


Message History

You kill Duvessa!
Sif Muna accepts your kill.
Your Spellcasting skill increases to level 10!
The five-headed hydra misses you. x2
The five-headed hydra barely misses you.
The five-headed hydra misses you.
The five-headed hydra closely misses you.
Items here: ( )) †.
You slice one of the five-headed hydra's heads off!
The four-headed hydra grows two more!
You slash the six-headed hydra!
The six-headed hydra is lightly wounded.
Your front paws revert to their normal proportions.
The six-headed hydra barely misses you. The six-headed hydra misses you.
The six-headed hydra bites you!
* * * LOW HITPOINT WARNING * * *
The six-headed hydra completely misses you.
The six-headed hydra bites you.
* * * LOW HITPOINT WARNING * * *
The six-headed hydra bites you!
You die...

.# .# '#
.#+#####################
.#.)§§§§§#†+...+(#.#.#.+
.#.#§§§#§#D#.)(##e#.#.##
.'.#§§§#.#.#)).#e#.#.#.#
.#.#§..#...#...##D#.#.##
▓▓▓▓▓▓▓▓▓▓▓▓▓▓▓#@#.#.#.#
≈........≈≈≈...##.#.#.##
≈≈≈≈≈≈≈≈≈≈≈♣♣..'.#.#.#.#
♣♣♣♣♣♣♣♣♣♣♣♣♣..##.#.#.##
♣♣♣##'#####
♣♣♣♣♣♣♣♣♣♣♣♣♣ #...+
..##≈≈≈≈≈≈..# #...#
##.#≈≈≈≈≈.○.# #...#
#.##'÷≈≈≈°#### #####


You could see a six-headed hydra.

Vanquished Creatures
  Dowan (D)
  Josephine (D)
  A centaur warrior (D)
  Urug (D)
  A death drake (D)
  An unseen horror (D)
  A deep elf mage (D)
  A lindwurm (D)
  Duvessa (D)
  2 cane toads (D)
  A komodo dragon (D)
  A rime drake (D)
  2 tyrant leeches (D)
  3 wandering mushrooms (D)
  A shadow (D)
  3 redbacks (D)
  A spatial vortex (D)
  A swamp drake (D)
  A necrophage (D)
  2 centaurs (D)
  An earth elemental (D)
  A water elemental (D)
  A scorpion (D)
  An electric eel (D)
  A jelly (D)
  Jessica (D)
  A wizard (D)
  A necromancer (D)
  3 humans (D)
  A kobold demonologist (D)
  3 rats (D)
42 creatures vanquished.

Vanquished Creatures (others)
  3 plants (D)
3 creatures vanquished.

Grand Total: 45 creatures vanquished

Notes
Turn   | Place    | Note
-------+----------+-------------------------------------------
     0 | D        | sahdkjhfkaj the Felid Transmuter began the quest for the
                  | Orb.
     0 | D        | Reached XP level 1. HP: 9/9 MP: 4/4
    14 | D        | Noticed Jessica
    28 | D        | Killed Jessica
    28 | D        | Reached XP level 2. HP: 13/13 MP: 6/6
    67 | D        | Reached skill level 5 in Dodging
    67 | D        | Reached skill level 5 in Unarmed Combat
    67 | D        | Reached XP level 3. HP: 3/17 MP: 8/8
   348 | D        | Noticed a scorpion
   380 | D        | Killed a scorpion
   380 | D        | Reached XP level 4. HP: 8/22 MP: 6/10
   711 | D        | Noticed a water elemental
   728 | D        | Learned a level 4 spell: Ice Form
   865 | D        | Found a radiant altar of Vehumet.
   866 | D        | Found a shimmering blue altar of Sif Muna.
   866 | D        | Found an ancient bone altar of Kikubaaqudgha.
   866 | D        | Noticed a wizard
   869 | D        | Killed a wizard
   870 | D        | Noticed a neqoxec
   871 | D        | Noticed a red devil
   873 | D        | HP: 1/26 [red devil/+0 trident[a kobold demonologist] (11)]
   873 | D        | Slain by an iron imp
   874 | D        | Reached XP level 3. HP: -1/21 MP: 7/9
   884 | D        | Reached XP level 4. HP: 22/22 MP: 2/11
   901 | D        | Became a worshipper of Sif Muna the Loreminder
  1042 | D        | Found a glowing silver altar of Zin.
  1043 | D        | Found a glowing golden altar of the Shining One.
  1043 | D        | Found a white marble altar of Elyvilon.
  1043 | D        | Noticed a deep elf mage
  1057 | D        | Killed a deep elf mage
  1057 | D        | Reached skill level 5 in Spellcasting
  1057 | D        | Reached XP level 5. HP: 9/29 MP: 4/14
  1057 | D        | Gained mutation: You are covered in thick fur. (AC +2)
                  | [Felid growth]
  1057 | D        | Reached XP level 6. HP: 11/33 MP: 4/15
  1313 | D        | Learned a level 5 spell: Blade Hands
  1454 | D        | Reached XP level 7. HP: 34/36 MP: 7/16
  1580 | D        | Found a basalt altar of Yredelemnul.
  1580 | D        | Found a shadowy altar of Dithmenos.
  1580 | D        | Found a sacrificial altar of Ru.
  1586 | D        | Reached * piety under Sif Muna
  1720 | D        | Found a hide-covered altar of Uskayaw.
  1720 | D        | Found an iron altar of Okawaru.
  1721 | D        | Found a roughly hewn altar of Beogh.
  1721 | D        | Found a bloodstained altar of Trog.
  1721 | D        | Found an ornate altar of the Wu Jian Council.
  1721 | D        | Noticed a human
  1721 | D        | Noticed a human
  1727 | D        | Killed a human
  1731 | D        | Killed a human
  1796 | D        | Noticed a shadow
  1803 | D        | Killed a shadow
  1803 | D        | Reached ** piety under Sif Muna
  1803 | D        | Reached skill level 10 in Dodging
  1803 | D        | Reached skill level 5 in Ice Magic
  1803 | D        | Reached XP level 8. HP: 17/40 MP: 13/18
  1993 | D        | Found a blossoming altar of Fedhas.
  1993 | D        | Found a stormy altar of Qazlal.
  1994 | D        | Found a snail-covered altar of Cheibriados.
  1994 | D        | Found a burning altar of Makhleb.
  1994 | D        | Found a hazy altar of Hepliaklqana.
  1994 | D        | Found a shimmering altar of Xom.
  1994 | D        | Found an opulent altar of Gozag.
  1994 | D        | Found a sparkling altar of Nemelex Xobeh.
  1994 | D        | Found a corrupted altar of Lugonu.
  1994 | D        | Found a viscous altar of Jiyva.
  2137 | D        | Noticed Josephine
  2148 | D        | Killed Josephine
  2148 | D        | Reached *** piety under Sif Muna
  2148 | D        | Reached skill level 10 in Fighting
  2148 | D        | Reached XP level 9. HP: 40/45 MP: 11/21
  2563 | D        | Learned a level 5 spell: Yara's Violent Unravelling
  2567 | D        | Noticed a centaur warrior
  2571 | D        | Killed a centaur warrior
  2571 | D        | Reached skill level 10 in Hexes
  2728 | D        | Noticed an unseen horror
  2731 | D        | Killed an unseen horror
  2731 | D        | Reached **** piety under Sif Muna
  2762 | D        | Noticed Dowan
  2762 | D        | Noticed Duvessa
  2766 | D        | Noticed a wandering mushroom
  2770 | D        | Noticed a wandering mushroom
  2775 | D        | Noticed a wandering mushroom
  2780 | D        | Reached skill level 10 in Unarmed Combat
  3130 | D        | Killed a wandering mushroom
  3130 | D        | Reached skill level 10 in Transmutations
  3130 | D        | Reached XP level 10. HP: 51/51 MP: 18/23
  3164 | D        | Noticed a cane toad
  3164 | D        | Noticed a cane toad
  3170 | D        | Killed a cane toad
  3170 | D        | HP: 3/61 [cane toad (16)]
  3176 | D        | Killed a cane toad
  3176 | D        | Reached ***** piety under Sif Muna
  3176 | D        | Identified Qauroewk's Grimoire of Hexes (Sif Muna gifted it
                  | to you in the Dungeon)
  3176 | D        | Received a gift from Sif Muna
  3411 | D        | Learned a level 6 spell: Invisibility
  3465 | D        | Reached skill level 11 in Hexes
  3763 | D        | Reached skill level 12 in Hexes
  3770 | D        | Reached skill level 13 in Hexes
  3916 | D        | Noticed a lindwurm
  3920 | D        | Killed a lindwurm
  3920 | D        | Reached skill level 14 in Hexes
  3933 | D        | Noticed Urug
  3937 | D        | Killed Urug
  3937 | D        | Reached skill level 15 in Hexes
  3938 | D        | Identified Nent's Catalogue of the Mutagenic Frostbite (Sif
                  | Muna gifted it to you in the Dungeon)
  3938 | D        | Received a gift from Sif Muna
  3946 | D        | Learned a level 5 spell: Irradiate
  3949 | D        | Noticed a seven-headed hydra
  3949 | D        | Noticed a five-headed hydra
  3962 | D        | HP: 2/64 [five-headed hydra (3)]
  4287 | D        | Noticed a death drake
  4295 | D        | Killed a death drake
  4295 | D        | Reached skill level 5 in Invocations
  4295 | D        | Engulfed by a cloud of foul pestilence
  4296 | D        | Reached XP level 9. HP: -2/56 MP: 17/23
  4360 | D        | HP: 2/49 [Dowan/bolt of fire (47)]
  4380 | D        | HP: 2/73 [eight-headed hydra (3)]
  4381 | D        | Mangled by a nine-headed hydra
  4382 | D        | Reached XP level 8. HP: -6/69 MP: 9/22
  4400 | D        | Killed Dowan
  4400 | D        | Reached XP level 9. HP: 27/49 MP: 19/23
  4410 | D        | Killed Duvessa
  4410 | D        | Reached skill level 10 in Spellcasting
  4412 | D        | Slain by a six-headed hydra

Illustrated notes

Levels and vault maps discovered:
D:        dungeon_sprint_mu [sprint_mu_entry_forest, sprint_mu_temple_rooms,
          sprint_mu_d1_horrors, sprint_mu_d2_genie, sprint_mu_d3_branching,
          sprint_mu_orc_legion, sprint_mu_elf_gauntlet, sprint_mu_hive_nellie,
          sprint_mu_lair_fedhas, sprint_mu_vaults_butterflies,
          sprint_mu_slime_circle, sprint_mu_shoals_kraken,
          sprint_mu_snake_twists, sprint_mu_blade_basic, sprint_mu_crypt_lich,
          sprint_mu_tomb_spiral, sprint_mu_vestibule_basic,
          sprint_mu_gehenna_hellfire, sprint_mu_dis_giant,
          sprint_mu_tartarus_statrot, sprint_mu_cocytus_islands, sprint_mu_zot1]

Skill      XL: |  1  2  3  4  5  6  7  8  9 10 |
---------------+-------------------------------+-----
Dodging        | 4 5 8 9 10 11 12 | 12.5
Fighting       | 2 3 7 9 10 12 | 12.5
Unarmed Combat | 4 5 7 8 9 10 | 10.4
Transmutations | 3 4 6 7 8 9 10 | 10.4
Spellcasting   | 4 5 6 7 10 9 | 10.0
Ice Magic      | 3 5 |  5.0
Hexes          | 10 15 | 15.0
Invocations    | 7 5 |  7.2
Conjurations   | 4 2 |  4.7

Action                   |  1- 3 |  4- 6 |  7- 9 | 10-12 || total
-------------------------+-------+-------+-------+-------++-------
Melee: Unarmed           |    49 |    21 |    90 |    51 ||   211
       Bite              |     7 |       |     6 |     1 ||    14
       Headbutt          |     7 |       |       |       ||     7
       Punch             |     1 |       |     1 |     2 ||     4
       Tailslap          |       |       |     1 |       ||     1
 Cast: Beastly Appendage |     5 |       |       |       ||     5
       Ice Form          |       |     3 |     2 |     6 ||    11
       Blade Hands       |       |       |    11 |     2 ||    13
       Yara's Violent Un |       |       |     2 |       ||     2
       Dragon Form       |       |       |     1 |       ||     1
       Invisibility      |       |       |       |     2 ||     2
Invok: Divine Exegesis   |       |       |     1 |       ||     1
       Forget Spell      |       |       |       |     1 ||     1
 Abil: End Transformatio |       |       |     1 |     2 ||     3
  Use: Potion            |     1 |       |     2 |     2 ||     5
       Scroll            |       |     2 |     3 |       ||     5
 Stab: Sleeping          |     1 |     1 |       |     3 ||     5
       Invisible         |       |       |       |     2 ||     2
Armor: Skin              |     1 |     3 |     7 |     7 ||    18
Dodge: Dodged            |    38 |     7 |    76 |    45 ||   166

Table legend: (Time is in decaauts)
 A = Elapsed time spent in this place.
 B = Non-inter-level travel time spent in this place.
 C = Inter-level travel time spent in this place.
 D = Time resting spent in this place.
 E = Time spent auto-exploring this place.
 F = Levels seen in this place.
 G = Mean time per level.
                   A        B        C        D        E       F      G
               +--------+--------+--------+--------+--------+-----+--------+
         Total |   4337 |   4296 |     41 |   3590 |      3 |   1 | 4337.0 |
       Dungeon |   4337 |   4296 |     41 |   3590 |      3 |   1 | 4337.0 |
               +--------+--------+--------+--------+--------+-----+--------+

Top non-repeatable levels by time:
       D: 4337 daAuts
